 Dungeon Crawl Stone Soup version 0.25-a0-583-g696c2ac64d (webtiles) character file.

Game seed: 17264865005409370704, levelgen mode: deterministic

1309 Kohma the Insei (level 8, -5/60 HPs)
             Began as a Gnoll Transmuter on Mar 8, 2020.
             Was a Follower of Nemelex Xobeh.
             Slain by a hornet (16 damage)
             ... while paralysed by a hornet
             ... on level 6 of the Dungeon.
             The game lasted 00:12:26 (5514 turns).

Kohma the Insei (Gnoll Transmuter)                  Turns: 5514, Time: 00:12:27

Health: -5/60      AC:  8    Str: 13    XL:     8   Next: 58%
Magic:  9/17       EV:  2    Int: 18    God:    Nemelex Xobeh [*.....]
Gold:   348        SH:  0    Dex: 15    Spells: 9/19 levels left

rFire    . . .     SeeInvis .     - Unarmed
rCold    . . .     Gourm    .   (no shield)
rNeg     . . .     Faith    .   v - +0 leather armour (curse)
rPois    .         Spirit   .   t - +1 helmet
rElec    .         Reflect  .   q - +1 cloak
rCorr    +         Harm     .   (no gloves)
MR       .....                  (no boots)
Stlth    ++........             (no amulet)
HPRegen  0.20/turn              j - +1 ring of protection
MPRegen  0.15/turn              x - ring of resist corrosion

@: paralysed, lethally poisoned (-5 -> -9), very slightly contaminated, slowed
A: distributed training, fangs 1, strong nose
a: Draw Escape, Draw Destruction, Draw Summoning, Renounce Religion


You were on level 6 of the Dungeon.
You worshipped Nemelex Xobeh.
Nemelex Xobeh was aware of your devotion.
You were not hungry.

You visited 2 branches of the dungeon, and saw 7 of its levels.

You collected 348 gold pieces.

Inventory:

Hand Weapons
 y - a +4 battleaxe
Missiles
 a - 90 arrows
 c - 49 sling bullets
 h - 4 javelins (quivered)
 i - 318 stones
 p - 20 poisoned darts
Armour
 b - a +0 leather armour of poison resistance
 q - a +1 cloak (worn)
 r - a +2 ring mail of cold resistance
 t - a +1 helmet (worn)
 v - a cursed +0 leather armour (worn)
 z - a +1 robe of cold resistance
 F - a +0 kite shield
Jewellery
 j - a +1 ring of protection (left hand)
 x - a ring of resist corrosion (right hand)
 E - an uncursed ring of fire
 H - an uncursed ring of stealth {unknown}
Wands
 k - a wand of disintegration (9)
 A - a wand of flame (16)
Scrolls
 m - 4 scrolls of teleportation
 w - a scroll of fog
 B - a scroll of blinking
 D - a scroll of enchant armour
Potions
 e - 3 potions of flight
 f - a potion of cancellation
 g - a potion of might
 l - a potion of berserk rage
 n - 3 potions of curing
 o - a potion of brilliance
 s - 4 potions of haste
 u - a potion of invisibility
 C - a potion of heal wounds
Comestibles
 d - 7 rations
 G - 5 chunks of flesh


   Skills:
 + Level 4.2 Fighting
 + Level 3.3 Short Blades
 + Level 3.3 Long Blades
 + Level 3.3 Axes
 + Level 3.3 Maces & Flails
 + Level 3.3 Polearms
 + Level 3.3 Staves
 + Level 3.3 Slings
 + Level 3.3 Bows
 + Level 3.3 Crossbows
 + Level 3.3 Throwing
 + Level 3.3 Armour
 + Level 5.7 Dodging
 + Level 3.3 Stealth
 + Level 3.3 Shields
 + Level 7.4 Unarmed Combat
 + Level 6.1 Spellcasting
 + Level 2.7 Conjurations
 + Level 2.7 Hexes
 + Level 2.7 Charms
 + Level 2.7 Summonings
 + Level 2.7 Necromancy
 + Level 2.7 Translocations
 + Level 4.7 Transmutations
 + Level 2.7 Fire Magic
 + Level 2.7 Ice Magic
 + Level 2.7 Air Magic
 + Level 2.7 Earth Magic
 + Level 2.7 Poison Magic
 + Level 3.6 Invocations
 + Level 3.3 Evocations


You had 9 spell levels left.
You knew the following spells:

 Your Spells              Type           Power        Failure   Level  Hunger
a - Beastly Appendage     Tmut           ###...       2%          1    None
b - Sticks to Snakes      Tmut           ###.....     3%          2    None
c - Spider Form           Tmut/Pois      ###.......   10%         3    ##.....
d - Ice Form              Ice/Tmut       ###.....     32%         4    ####...

Your spell library contained the following spells:

 Spells                   Type           Power        Failure   Level  Hunger
 Foxfire                  Conj/Fire      ###.         4%          1    None
 Cause Fear               Hex            ###.......   43%         4    ####...
 Blade Hands              Tmut           ###.......   52%         5    #####..
 Dragon Form              Tmut           ###.......   100%        7    #######
 Dragon's Call            Summ           ###.......   100%        9    #######


Dungeon Overview and Level Annotations

Branches:
Dungeon (6/15)             Temple (1/1) D:6

Altars:
Ashenzari
Cheibriados
Dithmenos
Elyvilon
Fedhas
Gozag
Hepliaklqana
Kikubaaqudgha
Makhleb
Nemelex Xobeh
Okawaru
Qazlal
Ru
Sif Muna
Trog
Uskayaw
Vehumet
Wu Jian
Xom
Yredelemnul
Zin
The Shining One

Shops:
D:4 %

Annotations:
D:4 3 runed translucent doors, dracos369's ghost, amateur DsAK


Innate Abilities, Weirdness & Mutations

Your experience applies equally to all skills.
You have very sharp teeth.
Your uncanny sense of smell can sniff out nearby items.


Message History

Casting: Spider Form (safe; 10% risk of failure)
Confirm with . or Enter, or press ? or * to list all spells.
You miscast Ice Form.
You are very lightly contaminated with residual magic.
You feel a strange surge of energy!
You feel sick. The hornet stings you.
You feel as though you will be slow longer.
The hornet stings you.
You feel as though you will be slow longer.
Casting: Ice Form (quite dangerous; 32% risk of failure)
Confirm with . or Enter, or press ? or * to list all spells.
You miscast Ice Form.
Nothing appears to happen.
You feel sick. The hornet stings you.
* * * LOW HITPOINT WARNING * * *
You feel as though you will be slow longer.
The hornet stings you.
* * * LOW HITPOINT WARNING * * *
You suddenly lose the ability to move!
You feel sick. The hornet stings you!
You die...
Your body glows slightly and disappears.

###### #...........#.#.#..##
.....# #.###.)##....#.#.....
####.# *,* #..###........... #.#
*,*##..).....#...#### #.#
*,*#..#########.## #.# #,*#..#
#.# #.# #.##..# #.# #.## #.....#
*#+#* #..# ####@## **,,,** ###.#
#y#* **,,,,,** ##.#.# ***#..**
**,,,,,,,**
##....######*,,....****,,,,,,,,,*
............,,,.....,,+,,,,,,,,,+
##....######*,##...##**,,,,,,,,,*
##.#.### *,,...## **,,,,,,,**
###...## *,,##.# **,,,,,**
*#..##.## *,,,,,* **,,,**


You could see a hornet.

Vanquished Creatures
  Grinder (D:3)
  Eustachio (D:6)
  An ice beast (D:6)
  A phantom (D:4)
  An ogre (D:5)
  2 wights (D:5)
  A crimson imp (D:5)
  A jelly (D:5)
  2 orc priests
  Crazy Yiuf (D:2)
  A bullfrog skeleton (D:4)
  An orc wizard (D:6)
  Ijyb (D:4)
  3 iguanas
  A worker ant (D:5)
  A hound zombie (D:5)
  Robin (D:4)
  3 hound skeletons
  5 adders
  4 gnolls (D:4)
  An ooze (D:1)
  2 adder skeletons
  A worm (D:4)
  5 dart slugs
  4 leopard geckos
  9 orcs
  6 bats
  9 giant cockroaches
  16 goblins
  9 hobgoblins
  A quokka (D:4)
  5 ball pythons
  7 frilled lizards
  A jackal skeleton (D:4)
  5 kobolds
  8 rats
122 creatures vanquished.

Vanquished Creatures (collateral kills)
  A wight (D:5)
  An orc (D:5)
2 creatures vanquished.

Grand Total: 124 creatures vanquished

Notes
Turn   | Place    | Note
-------+----------+-------------------------------------------
     0 | D:1      | Kohma the Gnoll Transmuter began the quest for the Orb.
     0 | D:1      | Reached XP level 1. HP: 17/17 MP: 6/6
    64 | D:1      | Reached XP level 2. HP: 23/23 MP: 5/7
   308 | D:1      | Reached XP level 3. HP: 26/28 MP: 9/9
   312 | D:1      | Learned a level 2 spell: Sticks to Snakes
   316 | D:1      | Learned a level 3 spell: Spider Form
   380 | D:1      | Reached skill level 5 in Spellcasting
   670 | D:1      | Reached skill level 1 in Invocations
  1054 | D:2      | Found a basalt altar of Yredelemnul.
  1054 | D:2      | Found a bloodstained altar of Trog.
  1064 | D:2      | Reached skill level 1 in Short Blades
  1064 | D:2      | Reached skill level 1 in Long Blades
  1064 | D:2      | Reached skill level 1 in Axes
  1064 | D:2      | Reached skill level 1 in Maces & Flails
  1064 | D:2      | Reached skill level 1 in Polearms
  1064 | D:2      | Reached skill level 1 in Staves
  1064 | D:2      | Reached skill level 1 in Slings
  1064 | D:2      | Reached skill level 1 in Bows
  1064 | D:2      | Reached skill level 1 in Crossbows
  1064 | D:2      | Reached skill level 1 in Throwing
  1064 | D:2      | Reached skill level 1 in Armour
  1064 | D:2      | Reached skill level 1 in Stealth
  1064 | D:2      | Reached skill level 1 in Shields
  1064 | D:2      | Reached skill level 1 in Evocations
  1231 | D:2      | Found a stormy altar of Qazlal.
  1237 | D:2      | Reached XP level 4. HP: 34/34 MP: 11/11
  1328 | D:2      | Found a runed translucent door.
  1329 | D:2      | Noticed Crazy Yiuf
  1339 | D:2      | Killed Crazy Yiuf
  1455 | D:2      | Found a sacrificial altar of Ru.
  1557 | D:2      | Reached skill level 1 in Conjurations
  1557 | D:2      | Reached skill level 1 in Hexes
  1557 | D:2      | Reached skill level 1 in Charms
  1557 | D:2      | Reached skill level 1 in Summonings
  1557 | D:2      | Reached skill level 1 in Necromancy
  1557 | D:2      | Reached skill level 1 in Translocations
  1557 | D:2      | Reached skill level 1 in Fire Magic
  1557 | D:2      | Reached skill level 1 in Ice Magic
  1557 | D:2      | Reached skill level 1 in Air Magic
  1557 | D:2      | Reached skill level 1 in Earth Magic
  1557 | D:2      | Reached skill level 1 in Poison Magic
  1606 | D:2      | Learned a level 4 spell: Ice Form
  1915 | D:3      | Found a sparkling altar of Nemelex Xobeh.
  1919 | D:3      | Became a worshipper of Nemelex Xobeh the Trickster
  1954 | D:3      | Received a gift from Nemelex Xobeh
  1998 | D:3      | Reached XP level 5. HP: 40/40 MP: 10/12
  2102 | D:3      | Noticed Grinder
  2105 | D:3      | Paralysed by Grinder for 3 turns
  2111 | D:3      | Paralysed by Grinder for 3 turns
  2124 | D:3      | Killed Grinder
  2124 | D:3      | Reached skill level 5 in Dodging
  2124 | D:3      | Reached XP level 6. HP: 28/47 MP: 12/14
  2784 | D:4      | Found Keh Gone's Food Shop.
  2841 | D:4      | Noticed a phantom
  2879 | D:4      | Killed a phantom
  2879 | D:4      | Reached XP level 7. HP: 43/52 MP: 12/15
  2980 | D:4      | Noticed Ijyb
  3005 | D:4      | HP: 1/52 [disintegration (16)]
  3008 | D:4      | Killed Ijyb
  3008 | D:4      | Reached skill level 7 in Unarmed Combat
  3363 | D:4      | Noticed Robin
  3376 | D:4      | Killed Robin
  4023 | D:4      | Found a runed translucent gate.
  4024 | D:4      | Found a runed translucent gate.
  4025 | D:4      | Found a runed translucent gate.
  4026 | D:4      | Noticed dracos369's ghost (amateur DsAK)
  4081 | D:5      | Entered Level 5 of the Dungeon
  4150 | D:5      | Received a gift from Nemelex Xobeh
  4249 | D:5      | Reached XP level 8. HP: 60/60 MP: 11/16
  4365 | D:5      | Reached * piety under Nemelex Xobeh
  4655 | D:6      | Noticed Eustachio
  4662 | D:6      | Killed Eustachio
  5194 | D:6      | Found a staircase to the Ecumenical Temple.
  5213 | Temple   | Entered the Ecumenical Temple
  5504 | D:6      | Noticed a hornet
  5513 | D:6      | Paralysed by a hornet for 3 turns
  5514 | D:6      | Slain by a hornet

Levels and vault maps discovered:
D:1:      wander_arrival_fairy_ring, layout_loops_ring
D:2:      layout_basic, lemuel_doored_altar, gammafunk_temple_overflow_wave,
          nicolae_ru_awakened_eye, first_ration, minmay_misc_feat_secret_circle,
          uniq_crazy_yiuf_cottage
D:3:      layout_basic, nemelex_lonely_heart_becter, uniq_grinder
D:4:      layout_basic, serial_shops, nicolae_shop_statue_plus,
          gammafunk_ghost_split, kennysheep_doodads, uniq_ijyb, uniq_robin
D:5:      layout_rooms
D:6:      layout_loops_corners, minmay_temple_entry_grid, corner_web_ring,
          item_on_display_a, uniq_eustachio
Temple:   dpeg_five_rooms_temple

Skill      XL: |  1  2  3  4  5  6  7  8 |
---------------+-------------------------+-----
Spellcasting   | 5 6 |  6.1
Invocations    | 1 2 3 |  3.6
Short Blades   | 1 2 3 |  3.3
Long Blades    | 1 2 3 |  3.3
Axes           | 1 2 3 |  3.3
Maces & Flails | 1 2 3 |  3.3
Polearms       | 1 2 3 |  3.3
Staves         | 1 2 3 |  3.3
Slings         | 1 2 3 |  3.3
Bows           | 1 2 3 |  3.3
Crossbows      | 1 2 3 |  3.3
Throwing       | 1 2 3 |  3.3
Armour         | 1 2 3 |  3.3
Stealth        | 1 2 3 |  3.3
Shields        | 1 2 3 |  3.3
Evocations     | 1 2 3 |  3.3
Conjurations   | 1 2 |  2.7
Hexes          | 1 2 |  2.7
Charms         | 1 2 |  2.7
Summonings     | 1 2 |  2.7
Necromancy     | 1 2 |  2.7
Translocations | 1 2 |  2.7
Fire Magic     | 1 2 |  2.7
Ice Magic      | 1 2 |  2.7
Air Magic      | 1 2 |  2.7
Earth Magic    | 1 2 |  2.7
Poison Magic   | 1 2 |  2.7
Fighting       | 3 4 |  4.2
Dodging        | 5 |  5.7
Transmutations | 4 |  4.7
Unarmed Combat | 7 |  7.4

Action                   |  1- 3 |  4- 6 |  7- 9 || total
-------------------------+-------+-------+-------++-------
Melee: Unarmed           |   104 |    93 |   168 ||   365
       Kick              |     7 |     1 |       ||     8
       Bite              |     7 |     4 |     7 ||    18
       Headbutt          |     3 |     1 |       ||     4
       Punch             |     1 |     2 |     2 ||     5
Throw: Javelin           |       |     5 |       ||     5
       Stone             |       |     3 |       ||     3
 Cast: Beastly Appendage |     9 |     2 |       ||    11
       Spider Form       |     1 |     6 |    12 ||    19
Invok: Draw Destruction  |       |       |     2 ||     2
       Draw Summoning    |       |       |     1 ||     1
  Use: Scroll            |       |    11 |     6 ||    17
 Stab: Sleeping          |       |     6 |       ||     6
  Eat: Chunk             |     1 |     5 |    10 ||    16
Armor: Robe              |     7 |     2 |     1 ||    10
       Leather armour    |       |       |    13 ||    13
       Ring mail         |       |       |     4 ||     4
       Skin              |       |       |     4 ||     4
Dodge: Dodged            |    66 |    69 |   124 ||   259

Table legend:
 A = Non-vault XP
 B = Vault XP
 C = Vault XP percentage of total XP
 D = Non-vault monster count
 E = Vault monster count
 F = Vault count percentage of total count
                 A         B        C        D         E       F
            +---------+---------+-------+---------+---------+-------
      Total |    1264 |     607 |  32.4 |     110 |      14 |  11.3
            +---------+---------+-------+---------+---------+-------
        D:1 |      63 |       0 |   0.0 |      31 |       0 |   0.0
        D:2 |      31 |      41 |  56.9 |      20 |       1 |   4.8
        D:3 |      57 |     290 |  83.6 |      13 |       1 |   7.1
        D:4 |     384 |      74 |  16.2 |      23 |      11 |  32.4
        D:5 |     503 |       0 |   0.0 |      15 |       0 |   0.0
        D:6 |     226 |     202 |  47.2 |       8 |       1 |  11.1
            +---------+---------+-------+---------+---------+-------
